 Dungeon Crawl Stone Soup version 0.17.1-3-g152610e (webtiles) character file.

9340 Peloso the Carver (level 11, -10/99 HPs)
             Began as a Minotaur Fighter on Mar 22, 2016.
             Was a High Priest of Okawaru.
             Mangled by a sun demon (16 damage)
             ... summoned by a kobold demonologist
             ... on level 11 of the Dungeon.
             The game lasted 00:23:01 (8170 turns).

Peloso the Carver (Minotaur Fighter)                Turns: 8170, Time: 00:23:01

Health: -10/99     AC: 20    Str: 22    XL:     11   Next: 21%
Magic:  10/10      EV: 10    Int:  5    God:    Okawaru [*****.]
Gold:   617        SH: 12    Dex: 12    Spells: 0 memorised, 10 levels left

rFire  . . .     SeeInvis .     a - +1 long sword
rCold  . . .     Clarity  .     E - +0 chain mail
rNeg   . . .     SustAt   .     c - +0 shield
rPois  .         Gourm    .     k - +2 hat
rElec  .         Spirit   .     D - +1 cloak
rCorr  +         Warding  .     I - +0 pair of gloves (curse)
rMut   .         Stasis   .     j - +1 pair of boots
MR     .....                    i - amulet of resist corrosion
Stlth  ..........               O - ring of flight
                                q - +4 ring of slaying

@: weakened, very slightly contaminated, hasted, very quick, not resistant to
hostile enchantments, extremely unstealthy
A: retaliatory headbutt, horns 2
a: Heroism, Finesse, Renounce Religion, Evoke Flight


You were on level 11 of the Dungeon.
You worshipped Okawaru.
Okawaru was extremely pleased with you.
You were not hungry.

You visited 2 branches of the dungeon, and saw 12 of its levels.
You also visited: Sewer.

You collected 617 gold pieces.

Inventory:

Hand Weapons
 a - a +1 long sword (weapon)
 n - the +10 dark maul {crush}
   (You found it on level 5 of the Dungeon)

   It inflicts extra damage upon your enemies.
Armour
 b - a +0 scale mail
 c - a +0 shield (worn)
 j - a +1 pair of boots (worn)
 k - a +2 hat (worn)
 u - a +0 cloak
 D - a +1 cloak (worn)
 E - a +0 chain mail (worn)
 I - a cursed +0 pair of gloves (worn)
Jewellery
 d - an uncursed ring of ice
 i - an amulet of resist corrosion (around neck)
 q - a +4 ring of slaying (left hand)
 O - a ring of flight (right hand)
Wands
 G - a wand of frost (48)
 P - a wand of slowing (13)
Scrolls
 f - 3 scrolls of fear
 o - 7 scrolls of remove curse
 p - 2 scrolls of magic mapping
 r - a scroll of blinking
 s - 3 scrolls of teleportation
 y - 2 scrolls of identify
 C - 2 scrolls of enchant weapon
 F - a scroll of amnesia {unknown}
 H - a scroll of fog
 L - 3 scrolls of recharging
 N - a scroll of enchant armour
Potions
 g - 6 potions of curing
 h - 4 potions of agility
 l - a potion of cure mutation {unknown}
 v - a potion of heal wounds
 w - 2 potions of magic
 x - a potion of haste
 A - 4 potions of flight
 B - 2 potions of cancellation
 J - a potion of invisibility
 K - a potion of mutation {unknown}
 M - a potion of berserk rage {unknown}
Books
 R - a book of the Earth

   Spells                             Type                      Level
   a - Leda's Liquefaction            Hexes/Earth                  4
   b - Bolt of Magma                  Conjuration/Fire/Earth       5
   c - Statue Form                    Transmutation/Earth          6
   d - Iron Shot                      Conjuration/Earth            6
   e - Shatter                        Earth                        9
Comestibles
 e - 9 bread rations
 m - 3 meat rations
 t - 4 chunks of flesh
 z - 2 beef jerkies
 Q - 8 slices of pizza


   Skills:
 + Level 9.8 Fighting
 + Level 10.5 Long Blades
 + Level 1.0 Maces & Flails
 + Level 10.4 Armour
 + Level 6.9 Dodging
 + Level 0.8 Stealth
 + Level 10.4 Shields


You had 10 spell levels left.
You didn't know any spells.

Dungeon Overview and Level Annotations

Branches:
Dungeon (11/15)            Temple (1/1) D:5            Lair (0/8) D:10
    Orc: D:9-12

Altars:
Ashenzari
Cheibriados
Dithmenos
Elyvilon
Fedhas
Gozag
Kikubaaqudgha
Makhleb
Nemelex Xobeh
Okawaru
Qazlal
Ru
Sif Muna
Trog
Vehumet
Xom
Yredelemnul
Zin
The Shining One

Shops:
D:4 [   D:7 :   D:9 %


Innate Abilities, Weirdness & Mutations

You reflexively headbutt those who attack you in melee.
You have a pair of horns on your head.


Message History

The big kobold hits you but does no damage.
You block the kobold's attack.
You block the kobold demonologist's attack.
Unknown command.
You closely miss the kobold demonologist.
The kobold demonologist is severely wounded.
You block the sun demon's attack. You block the big kobold's attack.
You block the kobold demonologist's attack.
Unknown command.
You closely miss the kobold demonologist.
You headbutt the kobold demonologist.
The kobold demonologist is severely wounded.
The big kobold hits you.
* * * LOW HITPOINT WARNING * * *
The kobold hits you but does no damage.
The kobold demonologist looks braver for a moment.
The sun demon hits you!
* * * LOW HITPOINT WARNING * * *
You are engulfed in flames!
You die...

# #. #. #.##########
#...K.......
#.K@K)...(.K
####.KK3######
......5.(# .........#
.........# .........#
.........###########+###
.......................(
........................


You could see a sun demon, 2 kobold demonologists, 2 big kobolds, an iron imp
and a kobold.

Vanquished Creatures
  Fannar (D:10)
  A hill giant (D:11)
  2 kobold demonologists (D:11)
  The ghost of cada the Ducker, a novice OpFi of Okawaru (D:5)
  A komodo dragon (D:10)
  A trapdoor spider zombie (D:11)
  3 trolls
  A deep elf mage (D:10)
  A deep elf fighter (D:11)
  2 hungry ghosts
  A water moccasin (D:9)
  3 orc warriors
  2 sky beasts (D:10)
  4 phantoms
  2 black bears (D:6)
  An ice beast (D:9)
  9 ogres
  4 big kobolds
  The ghost of MartianW the Conjurer, an amateur DECj (D:4)
  8 giant frogs
  A gnoll sergeant (D:9)
  5 scorpions
  2 water moccasin skeletons
  11 killer bees
  7 wights (D:9)
  A crimson imp (D:9)
  A wasp zombie (D:7)
  2 centaur zombies
  A giant frog zombie (D:11)
  2 centaur skeletons
  5 orc priests
  4 jellies
  Crazy Yiuf (D:2)
  8 hounds
  2 giant frog skeletons
  3 orc wizards
  Natasha (D:3)
  6 iguanas
  A killer bee zombie (D:7)
  7 worker ants
  A hound skeleton (D:4)
  A river rat (Sewer)
  14 adders
  5 gnolls
  2 shadow imps
  An ooze (D:5)
  2 worms (D:4)
  An adder skeleton (D:7)
  2 adder zombies (D:5)
  5 giant geckos
  31 orcs
  7 goblins
  9 hobgoblins
  5 jackals
  2 quokkas
  5 bats
  10 giant cockroaches
  3 giant newts (D:1)
  2 jackal skeletons
  19 kobolds
  A quokka skeleton (D:4)
  12 rats
  A spectral orc (D:9)
261 creatures vanquished.

Vanquished Creatures (others)
  14 plants (D:10)
14 creatures vanquished.

Grand Total: 275 creatures vanquished

Notes
Turn   | Place    | Note
--------------------------------------------------------------
     0 | D:1      | Peloso the Minotaur Fighter began the quest for the Orb.
     0 | D:1      | Reached XP level 1. HP: 19/19 MP: 0/0
   475 | D:1      | Reached XP level 2. HP: 27/27 MP: 1/1
   550 | D:1      | Reached skill level 4 in Armour
   868 | D:1      | Reached XP level 3. HP: 33/33 MP: 2/2
   991 | D:1      | Noticed an ogre
  1004 | D:1      | Killed an ogre
  1004 | D:1      | Reached skill level 5 in Armour
  1004 | D:1      | Reached XP level 4. HP: 30/41 MP: 3/3
  1320 | D:2      | Reached XP level 5. HP: 47/47 MP: 4/4
  1422 | D:2      | Noticed Crazy Yiuf
  1426 | D:2      | Killed Crazy Yiuf
  1426 | D:2      | Reached skill level 1 in Dodging
  1677 | D:3      | Reached skill level 5 in Fighting
  1689 | D:3      | Noticed Natasha
  1695 | D:3      | Killed Natasha
  1715 | D:3      | You fall through a shaft!
  1729 | D:4      | Reached XP level 6. HP: 51/56 MP: 5/5
  1737 | D:4      | Reached skill level 5 in Shields
  1755 | D:4      | Noticed MartianW's ghost (amateur DECj)
  1756 | D:4      | Noticed a phantom
  1760 | D:4      | Killed MartianW's ghost
  1795 | D:4      | Killed a phantom
  1838 | D:4      | Found a glowing drain.
  1843 | D:4      | Noticed an ogre
  1844 | D:4      | Reached XP level 7. HP: 40/61 MP: 6/6
  1862 | D:4      | Killed an ogre
  1862 | D:4      | Reached skill level 5 in Long Blades
  1907 | D:4      | Noticed an ogre
  1911 | Sewer    | Entered a sewer
  2152 | Sewer    | Found a white marble altar of Elyvilon.
  2206 | D:4      | Killed an ogre
  2215 | D:4      | Noticed a phantom
  2235 | D:4      | Killed a phantom
  2235 | D:4      | Reached skill level 6 in Fighting
  2564 | D:4      | Found Vaogelao's Antique Armour Shoppe.
  2603 | D:4      | Reached XP level 8. HP: 32/70 MP: 7/7
  2696 | D:5      | Entered Level 5 of the Dungeon
  2696 | D:5      | Found a staircase to the Ecumenical Temple.
  2703 | Temple   | Entered the Ecumenical Temple
  2917 | D:5      | Noticed cada's ghost (novice OpFi)
  2927 | D:5      | Killed cada's ghost
  3156 | D:5      | Reached skill level 5 in Dodging
  3601 | D:6      | Found a sacrificial altar of Ru.
  3631 | D:6      | Reached skill level 7 in Long Blades
  3864 | D:6      | Found a shattered altar of Ashenzari.
  3930 | D:6      | Reached XP level 9. HP: 55/79 MP: 8/8
  4025 | D:6      | Found an iron altar of Okawaru.
  4038 | D:6      | Became a worshipper of Warmaster Okawaru
  4188 | D:6      | Reached skill level 1 in Maces & Flails
  4284 | D:7      | Found Yjuon's Book Shoppe.
  4507 | D:7      | Reached skill level 8 in Long Blades
  4560 | D:7      | Reached * piety under Okawaru
  5322 | D:8      | Found a white marble altar of Elyvilon.
  5381 | D:8      | Found a bloodstained altar of Trog.
  5390 | D:8      | Found a deep blue altar of Sif Muna.
  5392 | D:8      | Found a sparkling altar of Nemelex Xobeh.
  5393 | D:8      | Found a burning altar of Makhleb.
  5394 | D:8      | Found a stormy altar of Qazlal.
  5491 | D:8      | Reached skill level 9 in Long Blades
  6201 | D:9      | Found a stormy altar of Qazlal.
  6282 | D:9      | Found Teanargh's Food Shoppe.
  6290 | D:9      | Reached XP level 10. HP: 88/90 MP: 9/9
  6459 | D:9      | Reached ** piety under Okawaru
  6612 | D:9      | Found a basalt altar of Yredelemnul.
  6949 | D:10     | Entered Level 10 of the Dungeon
  7346 | D:10     | Noticed Fannar
  7357 | D:10     | Killed Fannar
  7357 | D:10     | Reached *** piety under Okawaru
  7384 | D:10     | Received a gift from Okawaru
  7452 | D:10     | Reached skill level 10 in Long Blades
  7621 | D:10     | Found a staircase to the Lair.
  7642 | D:10     | Reached **** piety under Okawaru
  7642 | D:10     | Reached skill level 10 in Armour
  7976 | D:11     | Reached XP level 11. HP: 88/97 MP: 10/10
  8026 | D:11     | Reached skill level 10 in Shields
  8081 | D:11     | Noticed a hill giant
  8088 | D:11     | Killed a hill giant
  8088 | D:11     | Reached ***** piety under Okawaru
  8145 | D:11     | Noticed a sun demon
  8155 | D:11     | Noticed a sun demon
  8170 | D:11     | Mangled by a sun demon

Action                   |  1- 3 |  4- 6 |  7- 9 | 10-12 || total
-------------------------+-------+-------+-------+-------++-------
Melee: Long sword        |    44 |   100 |   329 |   262 ||   735
       Maul              |       |       |     8 |       ||     8
  Use: Potion            |     1 |       |       |     3 ||     4
       Scroll            |       |       |     9 |    11 ||    20
  Eat: Chunk             |       |     3 |    16 |     7 ||    26
